 Dungeon Crawl Stone Soup version 0.17-a0-2147-gfb20a63 (webtiles) character file.

11926 kae the Severer (level 11, 0/82 HPs)
             Began as a Hill Orc Fighter on Oct 24, 2015.
             Was a Priest of Qazlal.
             Slain by an elephant simulacrum (7 damage)
             ... in an ice cave.
             The game lasted 00:15:47 (10384 turns).

kae the Severer (Hill Orc Fighter)                 Turns: 10384, Time: 00:15:47

Health: 0/82       AC:  9    Str: 20    XL:     11   Next: 85%
Magic:  0/18       EV:  9    Int:  8    God:    Qazlal [***...]
Gold:   274        SH:  4    Dex: 13    Spells: 0 memorised, 10 levels left

rFire  . . .     SeeInvis +     n - +1 executioner's axe (venom)
rCold  . . .     Clarity  .     b - +1 scale mail
rNeg   . . .     SustAt   .     (no shield)
rPois  .         Gourm    .     u - +0 helmet
rElec  .         Spirit   +     (no cloak)
rCorr  .         Warding  .     (no gloves)
rMut   .         Stasis   .     (no boots)
MR     .....                    x - amulet of guardian spirit
Stlth  ..........               z - ring of wizardry
                                j - ring of see invisible

@: not resistant to hostile enchantments, extremely unstealthy
A: no striking features
a: Upheaval, Elemental Force, Renounce Religion


You were in an ice cave.
You worshipped Qazlal.
Qazlal was most pleased with you.
You were very hungry.

You visited 1 branch of the dungeon, and saw 11 of its levels.
You also visited: Ice Cave.

You collected 494 gold pieces.
You spent 220 gold pieces at shops.

Inventory:

Hand Weapons
 a - a +1 war axe
 f - a +2 war axe of chopping
 n - a +1 executioner's axe of venom (weapon)
Armour
 b - a +1 scale mail (worn)
 c - a +0 shield
 u - a +0 helmet (worn)
Jewellery
 j - a ring of see invisible (left hand)
 x - an amulet of guardian spirit (around neck)
 z - a ring of wizardry (right hand)
Wands
 k - a wand of paralysis (0)
 m - a wand of invisibility (6)
 o - a wand of paralysis (19)
 y - a wand of random effects (38)
 G - a wand of slowing (31)
 H - a wand of flame (9)
Scrolls
 p - 2 scrolls of enchant weapon
 q - a scroll of teleportation
 s - a scroll of recharging
 A - a scroll of remove curse
 E - 2 scrolls of amnesia
 I - a scroll of fear
 M - 2 scrolls of blinking
Potions
 d - 2 potions of might
 g - 4 potions of haste
 l - a potion of brilliance
 r - 2 potions of flight
 t - a potion of ambrosia
 w - 2 potions of heal wounds
 B - a potion of agility {unknown}
 C - a potion of degeneration
 D - a potion of poison
 F - 2 potions of curing
 J - a potion of beneficial mutation {unknown}
Books
 N - a book of Unlife

   Spells                             Type                      Level
   a - Recall                         Summoning/Translocation      3
   b - Animate Dead                   Necromancy                   4
   c - Control Undead                 Necromancy                   4
   d - Cigotuvi's Embrace             Necromancy                   5
   e - Death Channel                  Necromancy                   6
   f - Simulacrum                     Ice/Necromancy               6
Comestibles
 e - 9 bread rations
 h - 13 beef jerkies
 i - 5 meat rations
 v - 2 royal jellies
 K - a slice of pizza


   Skills:
 - Level 3.6 Fighting
 * Level 19.7 Axes
 - Level 3.2 Armour
 - Level 3.2 Shields
 + Level 10.4 Invocations


You had 10 spell levels left.
You didn't know any spells.

Dungeon Overview and Level Annotations

Branches:
Dungeon (11/15)            Temple (0/1) D:7            Lair (0/8) D:8
    Orc (0/4) D:10

Altars:
Ashenzari
Cheibriados
Gozag
Kikubaaqudgha
Makhleb
Nemelex Xobeh
Qazlal
Vehumet
Yredelemnul
Zin

Shops:
D:9 *   D:11 ?


Message History

Something shouts, "Scamper home, thou peeagling ditch-delivered bootlicker!"
Something shouts, "Return whence thou came, thou plume-plucked motley-minded skainsmate!"
You hit the polar bear simulacrum. You hit the polar bear simulacrum.
The polar bear simulacrum bites you. The polar bear simulacrum freezes you!
* * * LOW HITPOINT WARNING * * *
The polar bear simulacrum closely misses you.
The polar bear simulacrum claws you.
* * * LOW HITPOINT WARNING * * *
The polar bear simulacrum freezes you!
* * * LOW HITPOINT WARNING * * *
You are too injured to fight recklessly!
You hit the polar bear simulacrum. You slash the elephant simulacrum!
The polar bear simulacrum bites you but does no damage.
The polar bear simulacrum closely misses you.
The polar bear simulacrum claws you but does no damage.
The elephant simulacrum tramples you.
* * * LOW HITPOINT WARNING * * *
The elephant simulacrum freezes you!
You die...

#### ##..##
##
##..§@##..##
#...§ZZ.≈..#
#.∩.∩.......#
#.......##...
##....### ..
##..## ####


You could see an elephant simulacrum and a polar bear simulacrum.

Vanquished Creatures
  Erolcha (D:10)
  An unseen horror (D:9)
  A hill giant (D:10)
  A manticore (D:11)
  Maurice (D:8)
  2 centaur zombies
  A troll (D:9)
  Grinder (D:7)
  A two-headed ogre (D:10)
  A deep elf mage (D:10)
  6 yaks (D:10)
  Eustachio (D:5)
  A wyvern (D:10)
  A hippogriff (D:8)
  A necrophage (D:10)
  11 ice beasts
  2 wasps
  4 sky beasts
  A black bear (D:8)
  3 orc warriors
  4 centaurs
  9 ogres
  6 giant frogs
  A big kobold (D:7)
  3 scorpions
  8 wights
  A swamp dragon simulacrum (IceCv)
  A water moccasin skeleton (D:6)
  19 killer bees
  5 crimson imps
  A quasit (D:7)
  5 jellies
  5 orc priests
  7 hounds
  4 centaur skeletons
  2 giant frog skeletons
  A gnoll shaman (D:9)
  3 iguanas
  9 orc wizards
  A wolf simulacrum (IceCv)
  8 worker ants
  4 hound skeletons
  Robin (D:4)
  9 gnolls
  10 adders
  A shadow imp (D:5)
  2 oozes (D:2)
  10 giant geckos
  40 orcs
  9 bats
  A bat zombie (D:7)
  14 hobgoblins
  5 jackals (D:2)
  11 kobolds
  3 quokkas
  A ball python (D:4)
  4 giant cockroaches
  2 giant gecko skeletons
  13 giant newts
  17 goblins
  2 goblin zombies (D:6)
  2 jackal zombies (D:5)
  2 quokka skeletons
  5 rats
  2 rat zombies (D:7)
  A bush (D:10)
  A plant (D:5)
317 creatures vanquished.

Notes
Turn   | Place    | Note
--------------------------------------------------------------
     0 | D:1      | kae the Hill Orc Fighter began the quest for the Orb.
     0 | D:1      | Reached XP level 1. HP: 19/19 MP: 1/1
    63 | D:1      | Reached XP level 2. HP: 19/26 MP: 2/2
   242 | D:1      | Reached skill level 4 in Axes
   642 | D:1      | Reached XP level 3. HP: 27/31 MP: 3/3
   843 | D:2      | Reached skill level 5 in Axes
   865 | D:2      | Found a stormy altar of Qazlal.
   866 | D:2      | Noticed an air elemental
   868 | D:2      | Noticed a water elemental
   868 | D:2      | Noticed a fire elemental
   868 | D:2      | Noticed an earth elemental
   896 | D:2      | Became a worshipper of Qazlal Stormbringer
   922 | D:2      | Reached XP level 4. HP: 22/39 MP: 4/4
  1481 | D:3      | Reached skill level 6 in Axes
  1504 | D:3      | Reached * piety under Qazlal
  1515 | D:3      | Found a basalt altar of Yredelemnul.
  1565 | D:3      | Reached XP level 5. HP: 40/45 MP: 5/5
  1663 | D:3      | Found a burning altar of Makhleb.
  1671 | D:3      | Reached skill level 7 in Axes
  1967 | D:4      | Noticed an ogre
  1975 | D:4      | Killed an ogre
  1975 | D:4      | Reached skill level 8 in Axes
  1975 | D:4      | Reached XP level 6. HP: 40/51 MP: 6/6
  1988 | D:4      | Found an opulent altar of Gozag.
  2011 | D:4      | Noticed Robin
  2026 | D:4      | Killed Robin
  2088 | D:4      | Found a radiant altar of Vehumet.
  2104 | D:4      | Reached ** piety under Qazlal
  2113 | D:4      | Noticed Grinder
  2383 | D:4      | Reached skill level 9 in Axes
  2511 | D:4      | Reached XP level 7. HP: 51/57 MP: 7/7
  2949 | D:5      | Entered Level 5 of the Dungeon
  3000 | D:5      | Reached skill level 10 in Axes
  3292 | D:6      | Reached skill level 11 in Axes
  3515 | D:5      | Reached XP level 8. HP: 30/64 MP: 8/8
  3619 | D:5      | Reached *** piety under Qazlal
  3620 | D:5      | Noticed Eustachio
  3635 | D:5      | Killed Eustachio
  3635 | D:5      | Reached skill level 12 in Axes
  4337 | D:6      | Identified 2 scrolls of acquirement
  4355 | D:5      | Reached skill level 13 in Axes
  4482 | D:6      | Reached skill level 14 in Axes
  4482 | D:6      | Reached XP level 9. HP: 45/70 MP: 7/9
  4672 | D:6      | Found a sparkling altar of Nemelex Xobeh.
  5006 | D:6      | Found a glowing silver altar of Zin.
  5397 | D:7      | Reached **** piety under Qazlal
  5397 | D:7      | Reached skill level 15 in Axes
  5519 | D:7      | Found a staircase to the Ecumenical Temple.
  5572 | D:7      | Found an ancient bone altar of Kikubaaqudgha.
  5634 | D:7      | Noticed a centaur zombie
  5640 | D:7      | Reached skill level 1 in Invocations
  5646 | D:7      | Killed a centaur zombie
  5676 | D:7      | Paralysed by Grinder for 3 turns
  5684 | D:7      | Paralysed by Grinder for 6 turns
  6128 | D:7      | Reached skill level 16 in Axes
  6185 | D:7      | Killed Grinder
  6185 | D:7      | Reached XP level 10. HP: 77/77 MP: 7/13
  6461 | D:8      | Reached skill level 5 in Invocations
  6580 | D:8      | Noticed Maurice
  6583 | D:8      | Killed Maurice
  6673 | D:8      | Found a shattered altar of Ashenzari.
  6728 | D:8      | Found a snail-covered altar of Cheibriados.
  6903 | D:8      | Reached skill level 17 in Axes
  7194 | D:8      | Found a staircase to the Lair.
  8094 | D:9      | Noticed an unseen horror
  8102 | D:9      | Killed an unseen horror
  8102 | D:9      | Reached skill level 18 in Axes
  8102 | D:9      | Reached XP level 11. HP: 18/82 MP: 2/17
  8405 | D:9      | Found Unub's General Store.
  8910 | D:10     | Entered Level 10 of the Dungeon
  9507 | D:10     | Found a staircase to the Orcish Mines.
  9666 | D:10     | Noticed a hill giant
  9675 | D:10     | Killed a hill giant
  9675 | D:10     | Reached skill level 19 in Axes
 10037 | D:10     | Noticed Erolcha
 10041 | D:10     | Killed Erolcha
 10054 | D:10     | Reached skill level 10 in Invocations
 10200 | D:11     | Found Deludub's Magic Scroll Boutique.
 10204 | D:11     | Bought a scroll of brand weapon for 220 gold pieces
 10212 | D:11     | Found a frozen archway.
 10374 | IceCv    | Entered an ice cave
 10384 | IceCv    | Slain by an elephant simulacrum

Vault maps used:
D:1:      shiori_shiawase, minmay_misc_feat_tower, kennysheep_crisscross,
          roderic_serpentine_path, nrook_loot_triangle, serial_bayou_pond_e,
          st_stairs_14
D:2:      nicolae_qazlal_style_of_elements, st_stairs_14
D:3:      lemuel_doored_altar, first_bread, makhleb_heckhound_becter
D:4:      nicolae_gozag_seed_capital, lemuel_crystal_altar, uniq_grinder,
          uniq_robin
D:5:      serial_bayou_pond_d, grunt_ministairs_14, serial_bayou_pond_d,
          uniq_eustachio
D:6:      nicolae_overflow_crystal_walls, enter_ossuary_4,
          nemelex_diamond_rough_becter
D:7:      lemuel_zombie_altar_kikubaaqudgha, minmay_temple_entry_nine_rooms,
          kennysheep_diamond
D:8:      cheibriados_altar_1, lair_0_dummy, basic_altar, grunt_ogre_cave,
          uniq_maurice
D:9:      serial_shops, nicolae_shop_trees, st_stairs_9, evilmike_butchery
D:10:     david_orc_3, minmay_hedge_maze, uniq_erolcha
D:11:     wad_woods_minihive, portal_ice_cave_entry_ice_beasts, serial_shops,
          shop, trove_entry_hex_spiral
IceCv:    ice_cave_small_necro

Action                   |  1- 3 |  4- 6 |  7- 9 | 10-12 || total
-------------------------+-------+-------+-------+-------++-------
Melee: War axe           |   122 |   170 |   165 |       ||   457
       Executioner's axe |       |       |   133 |   327 ||   460
Invok: Upheaval          |       |       |     1 |    15 ||    16
Evoke: Wand              |       |     1 |     4 |     3 ||     8
  Use: Scroll            |       |    10 |     5 |    11 ||    26
       Potion            |       |       |     3 |     4 ||     7
 Stab: Paralysed         |       |     3 |     7 |     1 ||    11
  Eat: Chunk             |       |     5 |    12 |    13 ||    30
